 Dungeon Crawl Stone Soup version 0.22-a0-278-g8f80174 (console) character file.

51554 Duffy the Summoner (level 14, -3/88 HPs)
             Began as a Deep Elf Summoner on Mar 15, 2018.
             Was a High Priest of Sif Muna.
             Slain by a redback (17 damage)
             ... on level 1 of the Spider Nest.
             The game lasted 01:25:51 (37940 turns).

Duffy the Summoner (Deep Elf Summoner)             Turns: 37940, Time: 01:25:52

Health: -3/88      AC:  9    Str:  5    XL:     14   Next: 23%
Magic:  18/32      EV: 10    Int: 28    God:    Sif Muna [*****.]
Gold:   1984       SH:  0    Dex: 15    Spells: 11/38 levels left

rFire    + . .     SeeInvis +   a - staff of summoning {!a}
rCold    + . .     Gourm    .   w - +0 buckler
rNeg     . . .     Faith    .   U - +2 robe {rC+ rF+}
rPois    +         Spirit   .   P - +2 hat {MR+}
rElec    .         Reflect  .   p - +1 cloak {+Inv}
rCorr    .         Harm     .   x - +0 pair of gloves
MR       ++...                  (no boots)
Stlth    ++........             (no amulet)
HPRegen  0.24/turn              X - ring of see invisible
MPRegen  0.23/turn              L - ring of poison resistance

@: held, divine energy
A: clever 1, wild magic 1
a: Stop Divine Energy, Channel Magic, Forget Spell, Renounce Religion, Evoke
Invisibility


You were on level 1 of the Spider Nest.
You worshipped Sif Muna.
Sif Muna was extremely pleased with you.
You were not hungry.

You visited 4 branches of the dungeon, and saw 24 of its levels.

You collected 2593 gold pieces.
You spent 609 gold pieces at shops.

Inventory:

Hand Weapons
 i - the +11 long sword of the Throat {drain, +Inv}
   (You found it on level 6 of the Lair of Beasts)

   A truly terrible weapon, it drains the life of those it strikes.
   It lets you turn invisible.
 E - the +7 flail of Ydepati {crush, rPois MP+9}
   (You found it on level 7 of the Dungeon)

   It inflicts extra damage upon your enemies.
   It protects you from poison.
   It affects your magic capacity (+9).
Armour
 p - a +1 cloak of invisibility (worn)
 w - a +0 buckler (worn)
 x - a +0 pair of gloves (worn)
 M - a scarf of cloud immunity
 P - a +2 hat of magic resistance (worn)
 U - a +2 robe of resistance (worn)
Magical Staves
 a - an uncursed staff of summoning (weapon) {!a}
 K - an uncursed staff of cold
Jewellery
 y - an uncursed ring of protection from magic
 z - an uncursed ring of ice
 F - an uncursed ring of resist corrosion
 L - a ring of poison resistance (right hand)
 V - an uncursed ring of protection from fire
 X - a ring of see invisible (left hand)
Wands
 e - a wand of iceblast (23)
 s - a wand of clouds (6)
 A - a wand of digging (13)
 D - a wand of flame (133)
 H - a wand of acid (7)
 I - a wand of paralysis (2)
 J - a wand of enslavement (52)
 N - a wand of scattershot (7)
 Q - a wand of random effects (13)
 R - a wand of polymorph (30)
Scrolls
 b - 3 scrolls of fear
 d - a scroll of blinking
 h - 3 scrolls of magic mapping
 m - 4 scrolls of enchant armour
 n - a scroll of holy word {unknown}
 o - 7 scrolls of remove curse
 q - 5 scrolls of amnesia
 t - 3 scrolls of fog
 u - a scroll of immolation
 v - 4 scrolls of teleportation
 S - a scroll of acquirement {unknown}
Potions
 f - 7 potions of curing
 g - 5 potions of mutation
 j - 3 potions of resistance
 k - 3 potions of agility
 l - 5 potions of flight
 r - a potion of cancellation {unknown}
 B - 5 potions of brilliance
 C - 2 potions of lignification
 G - 3 potions of heal wounds
 O - a potion of ambrosia {unknown}
Miscellaneous
 T - a lamp of fire
Comestibles
 c - 12 rations


   Skills:
 - Level 10.1 Fighting
 - Level 11.0 Dodging
 - Level 2.4 Stealth
 - Level 4.1 Shields
 + Level 12.5 Spellcasting
 - Level 4.0 Hexes
 * Level 13.5 Summonings
 - Level 4.0 Ice Magic
 - Level 4.0 Air Magic
 - Level 10.0 Invocations
 - Level 6.0 Evocations


You had 11 spell levels left.
You knew the following spells:

 Your Spells              Type           Power        Failure   Level  Hunger
a - Summon Small Mammal   Summ           ####         1%          1    None
h - Summon Mana Viper     Hex/Summ       #######.     4%          5    ##.....
j - Summon Hydra          Summ           ########..   14%         7    ######.
k - Summon Ice Beast      Ice/Summ       #######.     1%          4    None
l - Summon Lightning Spi  Summ/Air       #######.     1%          4    None
n - Call Canine Familiar  Summ           ########     1%          3    None
q - Call Imp              Summ           ########     1%          2    None
t - Summon Butterflies    Summ           ########     1%          1    None


Dungeon Overview and Level Annotations

Branches:
Dungeon (15/15)            Temple (0/1) D:7            Lair (6/6) D:8
 Shoals (0/4) Lair:2       Spider (1/4) Lair:2        Slime (0/5) Lair:6
    Orc (2/2) D:11            Elf (0/3) Orc:2        Vaults (0/5) D:13
 Depths (0/5) D:15

Altars:
Ashenzari
Cheibriados
Gozag
Hepliaklqana
Kikubaaqudgha
Makhleb
Nemelex Xobeh
Sif Muna
Vehumet
Wu Jian
Xom
Yredelemnul
Zin
Beogh
Jiyva

Shops:
D:5 (   Orc:2 *(%([

Annotations:
D:7 exclusion: door


Innate Abilities, Weirdness & Mutations

Your mind is acute. (Int +2)
Your spells are a little harder to cast, but a little more powerful.


Message History

The jumping spider completely misses you.
The redback misses you. The jumping spider pounces on you.
You are caught in a web!
The jumping spider bites you but does no damage.
There is a crawl-hole back to the Lair, spattered with blood here.
Cast which spell? (? or * to list)
You feel a surge of power!
An eight-headed hydra appears.
The jumping spider pounces on you.
The jumping spider bites you but does no damage.
The jumping spider pounces on you!
You are even more entangled.
The jumping spider bites you but does no damage.
The redback bites you! The jumping spider pounces on you!
The jumping spider bites you.
Cast which spell? (? or * to list)
You feel a surge of power!
An eight-headed hydra appears.
The redback bites you. The jumping spider pounces on you.
The jumping spider bites you. The jumping spider pounces on you!
The jumping spider bites you. The jumping spider barely misses you.
The jumping spider bites you. The redback bites you!
You die...

.................s
...................^
....................s
..............$.......
.......................
........................
.............D..........
......>^.....ss..........
............D@...........
.............s...........
.................#.......
.........................
........................
.......................
.......................
....^..........#......
...^#.........####.##.


You could see 2 jumping spiders, a redback and 2 friendly eight-headed hydras.

Vanquished Creatures
  An elephant (Lair:5)
  A redback (Lair:2)
  A tarantella (Lair:2)
  A warg (D:8)
  3 water moccasins
  3 centaurs (D:7)
  A crocodile (Lair:3)
  5 bullfrogs
  A water moccasin zombie (D:9)
  4 electric eels
  A hound (D:7)
  3 worker ants
  2 adders
  2 shadow imps
  An adder skeleton (D:6)
  An adder zombie (D:9)
  2 leopard geckos (D:5)
  9 orcs
  A hobgoblin (D:1)
  2 jackals (D:5)
  2 quokkas
  5 bats
  2 frilled lizards
  A goblin (D:3)
  A jackal skeleton (D:4)
  A kobold (D:2)
  A leopard gecko skeleton (D:5)
  6 rats
  A plant (Lair:3)
65 creatures vanquished.

Vanquished Creatures (collateral kills)
  Saint Roka (Orc:2)
  Rupert (Lair:5)
  Gastronok (Lair:3)
  2 entropy weavers (Spider:1)
  Josephine (Orc:2)
  A vault guard (D:13)
  Fannar (D:12)
  4 hydras
  2 catoblepae
  4 centaur warriors
  7 two-headed ogres
  6 death yaks (Lair:6)
  Nergalle (D:11)
  The ghost of Amnesiac the Destroyer, a novice DEWz of Sif Muna (Lair:1)
  2 skeletal warriors (D:15)
  4 unseen horrors
  5 orc knights
  A wizard (D:15)
  Pikel (D:9)
  A flayed ghost (D:15)
  3 orb spiders (Spider:1)
  An oklob plant (Orc:2)
  3 orc sorcerers
  5 wolf spiders (Spider:1)
  2 cyclopes
  A necromancer (D:15)
  3 manticores
  A stone giant zombie (D:15)
  A deep elf mage (D:15)
  4 ugly things
  Maurice (Orc:2)
  The ghost of Amnesiac the Ducker, a novice DEWz (D:5)
  11 elephants
  A moth of wrath (Spider:1)
  2 torpor snails
  20 spiny frogs
  A black mamba (Lair:3)
  An efreet (D:9)
  2 demonic crawlers
  4 komodo dragons
  12 jumping spiders
  A harpy zombie (D:15)
  5 trolls
  5 tyrant leeches (Lair:6)
  A polar bear (Lair:4)
  A deep troll zombie (D:15)
  11 blink frogs (Lair:6)
  A hornet (Spider:1)
  Prince Ribbit (D:7)
  A merfolk (Lair:6)
  12 hippogriffs
  7 dream sheep (Lair:6)
  A meliai zombie (D:13)
  7 tarantellas (Spider:1)
  24 redbacks
  A deep troll skeleton (D:15)
  An ice dragon skeleton (D:15)
  A shadow (D:15)
  26 yaks
  3 wyverns
  4 wraiths
  Eustachio (D:5)
  4 basilisks
  10 vampire mosquitoes
  3 hungry ghosts
  4 wargs
  2 acid dragons (D:12)
  6 porcupines
  13 water moccasins
  A hornet zombie (D:6)
  A swamp drake (Lair:3)
  5 black bears
  2 slaves (D:9)
  37 orc warriors
  2 sky beasts
  A meliai simulacrum (D:14)
  11 ogres
  6 ice beasts
  An eye of draining (D:14)
  2 phantoms
  25 centaurs
  6 wolves (Lair:6)
  7 crocodiles
  2 big kobolds
  25 bullfrogs
  7 scorpions
  A wyvern skeleton (D:14)
  21 killer bees
  4 wights (D:12)
  7 howler monkeys
  3 crimson imps
  4 centaur zombies
  3 quasits
  17 orc priests
  3 centaur skeletons
  7 hounds
  2 jellies (D:8)
  19 orc wizards
  2 iguanas
  6 worker ants
  A killer bee zombie (D:6)
  18 gnolls
  10 adders
  2 river rats (Lair:3)
  4 shadow imps
  An ooze (D:2)
  3 worms
  2 dart slugs (D:1)
  2 leopard geckos
  74 orcs
  A ball python (D:2)
  4 bats
  2 giant cockroaches
  2 goblins (D:1)
  2 hobgoblins
  2 frilled lizards (D:3)
  11 kobolds
  4 rats
  2 fungi (Lair:6)
  3 plants
  A withered plant (D:15)
675 creatures vanquished.

Vanquished Creatures (others)
  An orc warrior (Orc:2)
  A slave (D:9)
  A leopard gecko zombie (D:7)
  16 fungi
  46 plants
65 creatures vanquished.

Grand Total: 805 creatures vanquished

Notes
Turn   | Place    | Note
-------+----------+-------------------------------------------
     0 | D:1      | Duffy the Deep Elf Summoner began the quest for the Orb.
     0 | D:1      | Reached XP level 1. HP: 10/10 MP: 6/6
   131 | D:1      | Reached XP level 2. HP: 15/15 MP: 5/8
   160 | D:1      | Learned a level 2 spell: Call Imp
   962 | D:2      | Reached skill level 5 in Summonings
  1183 | D:2      | Reached XP level 3. HP: 19/19 MP: 7/10
  1188 | D:2      | Learned a level 3 spell: Call Canine Familiar
  1785 | D:3      | Gained mutation: You tend to lose your temper in combat. [potion of mutation]
  1785 | D:3      | Gained mutation: You are partially covered in slimy green scales. (AC +2) [potion of mutation]
  1785 | D:3      | Gained mutation: Your muscles are strong. (Str +2) [potion of mutation]
  1786 | D:3      | Lost mutation: Your muscles are strong. (Str +2) [potion of mutation]
  1786 | D:3      | Lost mutation: You tend to lose your temper in combat. [potion of mutation]
  1786 | D:3      | Lost mutation: You are partially covered in slimy green scales. (AC +2) [potion of mutation]
  1786 | D:3      | Gained mutation: Your spells are a little harder to cast, but a little more powerful. [potion of mutation]
  1786 | D:3      | Gained mutation: Your mind is acute. (Int +2) [potion of mutation]
  1915 | D:3      | Found an ancient bone altar of Kikubaaqudgha.
  1918 | D:3      | Reached XP level 4. HP: 24/24 MP: 7/12
  1934 | D:3      | Learned a level 4 spell: Summon Lightning Spire
  1976 | D:3      | Found a radiant altar of Vehumet.
  1978 | D:3      | Found a deep blue altar of Sif Muna.
  1984 | D:3      | Identified Sif Muna's Grimoire of the Traveller
  1987 | D:3      | Became a worshipper of Sif Muna the Loreminder
  2141 | D:3      | Noticed a centaur
  2270 | D:3      | Reached skill level 6 in Summonings
  2365 | D:3      | Reached skill level 1 in Air Magic
  2377 | D:3      | Reached XP level 5. HP: 28/28 MP: 2/13
  3284 | D:3      | Killed a centaur
  3499 | D:4      | Found a transporter.
  3584 | D:4      | Found a transporter.
  3599 | D:4      | Reached skill level 5 in Spellcasting
  3630 | D:3      | Learned a level 4 spell: Summon Ice Beast
  4002 | D:4      | Reached XP level 6. HP: 33/33 MP: 6/15
  4082 | D:4      | Reached * piety under Sif Muna
  4571 | D:4      | Reached skill level 1 in Fighting
  4642 | D:5      | Entered Level 5 of the Dungeon
  4660 | D:5      | Reached skill level 7 in Summonings
  4721 | D:5      | Found Biph's Antique Weapon Emporium.
  4796 | D:5      | Noticed Amnesiac's ghost (novice DEWz)
  4808 | D:5      | Killed Amnesiac's ghost
  4808 | D:5      | Reached XP level 7. HP: 40/40 MP: 8/16
  5133 | D:5      | Found a hazy altar of Hepliaklqana.
  5134 | D:5      | Found a shimmering altar of Xom.
  5135 | D:5      | Noticed a spectral ugly thing
  5708 | D:5      | Noticed Eustachio
  5733 | D:5      | Killed Eustachio
  6032 | D:6      | Reached ** piety under Sif Muna
  6032 | D:6      | Reached skill level 8 in Summonings
  6284 | D:6      | Reached XP level 8. HP: 46/46 MP: 15/17
  6727 | D:6      | Reached skill level 1 in Ice Magic
  6838 | D:6      | Found a glowing silver altar of Zin.
  6845 | D:6      | Found an opulent altar of Gozag.
  6924 | D:7      | Found a snail-covered altar of Cheibriados.
  6929 | D:7      | Found a burning altar of Makhleb.
  7237 | D:7      | Got a warped flail
  7345 | D:7      | Found an ornate altar of the Wu Jian Council.
  7345 | D:7      | Found a shattered altar of Ashenzari.
  7345 | D:7      | Found a basalt altar of Yredelemnul.
  7361 | D:7      | Found a sparkling altar of Nemelex Xobeh.
  7419 | D:7      | Found a staircase to the Ecumenical Temple.
  7463 | D:7      | Identified the +7 flail of Ydepati {crush, rPois MP+9} (You found it on level 7 of the Dungeon)
  7857 | D:7      | Noticed Prince Ribbit
  7871 | D:7      | Killed Prince Ribbit
  9117 | D:8      | Reached skill level 5 in Dodging
  9432 | D:8      | Reached XP level 9. HP: 43/53 MP: 18/18
  9467 | D:8      | Reached skill level 5 in Fighting
  9665 | D:8      | Reached *** piety under Sif Muna
  9716 | D:8      | Found a staircase to the Lair.
  9823 | D:8      | Reached skill level 9 in Summonings
  9952 | D:8      | Reached skill level 1 in Shields
 10503 | D:9      | Learned a level 1 spell: Summon Butterflies
 10509 | D:9      | Learned a level 5 spell: Summon Mana Viper
 10560 | D:9      | Reached skill level 1 in Invocations
 10599 | D:9      | Reached skill level 1 in Hexes
 10848 | D:9      | Identified the cursed +1 robe of Generosity {+Fly Int+3} (You found it on level 9 of the Dungeon)
 10952 | D:9      | Noticed an efreet
 11160 | Lair:1   | Entered Level 1 of the Lair of Beasts
 11160 | Lair:1   | Noticed a spiny frog
 11172 | Lair:1   | Killed a spiny frog
 11258 | Lair:1   | Reached XP level 10. HP: 45/59 MP: 22/22
 11259 | Lair:1   | Noticed a spiny frog
 11267 | Lair:1   | Killed a spiny frog
 11286 | Lair:1   | Noticed Amnesiac's ghost (novice DEWz)
 11296 | Lair:1   | Killed Amnesiac's ghost
 11980 | Lair:2   | Noticed a manticore
 11990 | Lair:2   | Killed a manticore
 11990 | Lair:2   | Reached skill level 1 in Evocations
 12100 | Lair:2   | Found a staircase to the Shoals.
 12307 | Lair:2   | Found a hole to the Spider Nest.
 12381 | Lair:2   | Reached **** piety under Sif Muna
 12633 | Lair:2   | Got a fine robe
 12667 | Lair:2   | Noticed a spiny frog
 12676 | Lair:2   | Reached skill level 5 in Invocations
 12680 | Lair:2   | Killed a spiny frog
 13913 | Lair:3   | Noticed a six-headed hydra
 13919 | Lair:3   | Killed a six-headed hydra
 13919 | Lair:3   | Reached skill level 10 in Summonings
 13919 | Lair:3   | Reached XP level 11. HP: 63/63 MP: 23/26
 13991 | Lair:3   | Noticed Gastronok
 14005 | Lair:3   | Killed Gastronok
 14232 | Lair:3   | Reached skill level 5 in Evocations
 14657 | Lair:3   | Reached skill level 10 in Spellcasting
 15092 | Lair:4   | Noticed a four-headed hydra
 15097 | Lair:4   | Killed a four-headed hydra
 16312 | Lair:5   | Noticed Rupert
 16626 | Lair:5   | Found an ancient bone altar of Kikubaaqudgha.
 16839 | Lair:6   | Entered Level 6 of the Lair of Beasts
 16845 | Lair:6   | Noticed Nessos
 16846 | Lair:6   | Noticed Nessos
 16846 | Lair:6   | Nessos changed into Nessos the merfolk
 16854 | Lair:6   | Killed Nessos the merfolk
 16888 | Lair:6   | Noticed a four-headed hydra
 16894 | Lair:6   | Killed a four-headed hydra
 17375 | Lair:6   | Reached XP level 12. HP: 29/70 MP: 9/28
 18019 | Lair:6   | Upgraded the game from 0.22-a0-274-gf8199ec to 0.22-a0-278-g8f80174
 18271 | Lair:6   | Noticed a seven-headed hydra
 18279 | Lair:6   | Killed a seven-headed hydra
 18456 | Lair:6   | Noticed a catoblepas
 18458 | Lair:6   | Reached skill level 10 in Invocations
 18483 | Lair:6   | Killed a catoblepas
 18659 | Lair:6   | Noticed a death yak
 18660 | Lair:6   | Noticed a death yak
 18660 | Lair:6   | Noticed a death yak
 18660 | Lair:6   | Noticed a death yak
 18661 | Lair:6   | Noticed a death yak
 18669 | Lair:6   | Noticed a death yak
 18671 | Lair:6   | Killed a death yak
 19077 | Lair:6   | Killed a death yak
 19080 | Lair:6   | Killed a death yak
 19084 | Lair:6   | Killed a death yak
 19089 | Lair:6   | Killed a death yak
 19105 | Lair:6   | Killed a death yak
 19105 | Lair:6   | Reached skill level 10 in Dodging
 19635 | Lair:6   | Got a pitted long sword
 19636 | Lair:6   | Identified the +11 long sword of the Throat {drain, +Inv} (You found it on level 6 of the Lair of Beasts)
 19803 | Lair:6   | Found a viscous altar of Jiyva.
 19803 | Lair:6   | Found a staircase to the Slime Pits.
 20006 | Lair:5   | Killed Rupert
 20285 | D:9      | Noticed Pikel
 20291 | D:9      | Killed Pikel
 20664 | D:10     | Entered Level 10 of the Dungeon
 21457 | D:10     | Identified the cursed +0 robe "Obloit" {*Slow Dex+3 Slay+3} (You found it on level 2 of the Lair of Beasts)
 21550 | D:11     | Found a staircase to the Orcish Mines.
 21552 | D:11     | Noticed a two-headed ogre
 21920 | D:11     | Killed a two-headed ogre
 22285 | D:11     | Noticed a two-headed ogre
 22286 | D:11     | Noticed Nergalle
 22289 | D:11     | Reached ***** piety under Sif Muna
 22370 | D:11     | Killed a two-headed ogre
 22370 | D:11     | Identified Sif Muna's Handbook of Snow and Evil (Sif Muna gifted it to you on level 11 of the Dungeon)
 22370 | D:11     | Received a gift from Sif Muna
 22521 | D:11     | Reached XP level 13. HP: 72/80 MP: 9/29
 22693 | D:11     | Killed Nergalle
 23300 | Orc:1    | Entered Level 1 of the Orcish Mines
 23592 | Orc:1    | Found a roughly hewn altar of Beogh.
 23878 | Orc:2    | Entered Level 2 of the Orcish Mines
 23894 | Orc:2    | Found Sakyam's Armour Shoppe.
 24085 | Orc:2    | Found a staircase to the Elven Halls.
 24708 | Orc:2    | Noticed Maurice
 24717 | Orc:2    | Killed Maurice
 24761 | Orc:2    | Noticed Saint Roka
 26283 | Orc:2    | Killed Saint Roka
 26283 | Orc:2    | Reached skill level 10 in Fighting
 26797 | Orc:2    | Noticed Sonja
 26798 | Orc:2    | Noticed Sonja
 26798 | Orc:2    | Sonja changed into Sonja the basilisk
 26814 | Orc:2    | Killed Sonja the basilisk
 27104 | Orc:2    | Noticed Josephine
 27116 | Orc:2    | Killed Josephine
 28573 | Orc:2    | Found Qemiddu's Food Boutique.
 28573 | Orc:2    | Found Esyonemu's Antique Weapon Shoppe.
 28575 | Orc:2    | Found Geujiukh's Assorted Antiques.
 28577 | Orc:2    | Found Nietareg's Antique Weapon Shop.
 29285 | Orc:2    | Bought a potion of resistance for 290 gold pieces
 29285 | Orc:2    | Bought a scroll of fog for 58 gold pieces
 29285 | Orc:2    | Bought a potion of agility for 116 gold pieces
 29285 | Orc:2    | Bought a potion of curing for 87 gold pieces
 29285 | Orc:2    | Bought a scroll of identify for 58 gold pieces
 29652 | D:12     | Reached skill level 11 in Summonings
 29696 | D:12     | Noticed Fannar
 29706 | D:12     | Killed Fannar
 30995 | D:13     | Identified Sif Muna's Early Guide to Thaumaturgy (Sif Muna gifted it to you on level 13 of the Dungeon)
 30995 | D:13     | Received a gift from Sif Muna
 32027 | D:13     | Found a gate to the Vaults.
 32528 | D:13     | Reached skill level 12 in Summonings
 33187 | D:14     | Found a basalt altar of Yredelemnul.
 33938 | D:15     | Entered Level 15 of the Dungeon
 33956 | D:15     | Found a staircase to the Depths.
 35119 | D:15     | Reached XP level 14. HP: 88/88 MP: 17/32
 35340 | D:15     | Learned a level 7 spell: Summon Hydra
 35590 | Spider:1 | Entered Level 1 of the Spider Nest
 35774 | Spider:1 | Noticed an entropy weaver
 36083 | Spider:1 | Killed an entropy weaver
 36095 | Spider:1 | Reached skill level 13 in Summonings
 36102 | Spider:1 | Received a gift from Sif Muna
 37558 | Spider:1 | Noticed an entropy weaver
 37561 | Spider:1 | Killed an entropy weaver
 37940 | Spider:1 | Slain by a redback

Vault maps used:
D:1:      doesnt_arrival_eight_statues
D:3:      grunt_temple_overflow_magic_moments, serial_park_tiny_2
D:4:      gammafunk_wand_slinger, first_ration, kennysheep_cross_room
D:5:      regret_index_temple_of_mockery, serial_shops,
          nicolae_shop_temple_entry_statues_fountains, uniq_eustachio
D:6:      grunt_temple_overflow_gold_and_silver
D:7:      cheibrodos_two_vegetables, minitemple,
          nemelex_xobeh_ov_fountains_minmay, lemuel_temple_firewalk_b,
          uniq_prince_ribbit1
D:8:      erik_lair_orcish_takeover
D:9:      eino_jars, uniq_pikel
D:11:     orc_0_dummy, uniq_nergalle
D:12:     uniq_fannar
D:13:     david_vaults_5
D:14:     basic_altar
D:15:     gammafunk_depths_entry_grave, minmay_fountain_box
Lair:1:   st_stairs_13, lemuel_fruit_tree
Lair:2:   minmay_shoals_entry_beasts, nicolae_spider_entry_tight_spaces,
          serial_bayou_lagoon_a, beast_lair_carwin_8, grunt_megastairs_3
Lair:3:   pond, grunt_megastairs_1, uniq_gastronok
Lair:5:   basic_altar, grunt_megastairs_5, serial_bayou_shore_b, uniq_rupert
Lair:6:   minmay_lair_end_frog_pond, dpeg_slime_entry_enclosed_altar,
          uniq_nessos
Orc:1:    basic_altar
Orc:2:    st_orc_rangers, serial_shops, shop_statue, mines3_lemuel, uniq_sonja,
          uniq_josephine, uniq_saint_roka, uniq_maurice

Skill      XL: |  1  2  3  4  5  6  7  8  9 10 11 12 13 14 |
---------------+-------------------------------------------+-----
Summonings     | 5 6 7 8 9 10 12 13 | 13.5
Spellcasting   | 4 5 7 9 10 12 | 12.5
Air Magic      | 1 2 3 4 |  4.0
Fighting       | 2 3 4 5 6 9 10 | 10.1
Ice Magic      | 4 |  4.0
Dodging        | 5 6 7 11 | 11.0
Shields        | 4 |  4.1
Invocations    | 2 5 9 10 | 10.0
Hexes          | 3 4 |  4.0
Evocations     | 4 6 |  6.0
Stealth        | |  2.4

Action                   |  1- 3 |  4- 6 |  7- 9 | 10-12 | 13-15 || total
-------------------------+-------+-------+-------+-------+-------++-------
Melee: Spear             |    56 |     2 |       |       |       ||    58
       Dagger            |       |    53 |    54 |       |       ||   107
       Flail             |       |       |    47 |    60 |       ||   107
       Staff             |       |       |       |       |     2 ||     2
 Cast: Summon Small Mamm |     9 |       |       |       |       ||     9
       Call Imp          |    26 |    18 |     2 |       |       ||    46
       Call Canine Famil |     5 |    17 |    36 |    62 |    43 ||   163
       Summon Lightning  |       |     2 |    17 |    27 |    41 ||    87
       Summon Ice Beast  |       |       |    22 |   192 |   170 ||   384
       Summon Mana Viper |       |       |       |    32 |   107 ||   139
       Summon Hydra      |       |       |       |       |    32 ||    32
Invok: Divine Energy     |       |     1 |       |       |       ||     1
Evoke: Wand              |       |       |     7 |     2 |    29 ||    38
  Use: Scroll            |     5 |     7 |     8 |    11 |     9 ||    40
       Potion            |     2 |       |     2 |       |     3 ||     7
 Stab: Sleeping          |     6 |     2 |     7 |       |       ||    15
       Distracted        |       |     1 |       |     3 |       ||     4
  Eat: Chunk             |     4 |     8 |    15 |    26 |    24 ||    77
       Ration            |       |     1 |     3 |     4 |    16 ||    24
Armor: Robe              |     4 |    10 |    27 |    31 |    74 ||   146
       Skin              |       |       |     7 |       |       ||     7
Dodge: Dodged            |    30 |    35 |   107 |   113 |   313 ||   598
Block: Buckler           |       |       |     7 |    35 |    73 ||   115

Table legend:
 A = Spawn XP
 B = Non-spawn XP
 C = Spawn XP percentage of total XP
 D = Spawn monster count
 E = Non-spawn monster count
 F = Spawn count percentage of total count
 G = Total turns spent on level
                    A         B        C        D         E        F      G
               +---------+---------+-------+---------+---------+-------+---------
         Total |       0 |   73649 |   0.0 |       0 |     732 |   0.0 | 37940
               +---------+---------+-------+---------+---------+-------+---------
           D:1 |       0 |      26 |   0.0 |       0 |      15 |   0.0 |   950
           D:2 |       0 |      45 |   0.0 |       0 |      19 |   0.0 |   888
           D:3 |       0 |     231 |   0.0 |       0 |      40 |   0.0 |  1659
           D:4 |       0 |     219 |   0.0 |       0 |      18 |   0.0 |  1145
           D:5 |       0 |     614 |   0.0 |       0 |      20 |   0.0 |  1183
           D:6 |       0 |     534 |   0.0 |       0 |      15 |   0.0 |  1057
           D:7 |       0 |     897 |   0.0 |       0 |      17 |   0.0 |  2487
           D:8 |       0 |    1362 |   0.0 |       0 |      40 |   0.0 |  1041
           D:9 |       0 |    1765 |   0.0 |       0 |      27 |   0.0 |  1252
          D:10 |       0 |     977 |   0.0 |       0 |      23 |   0.0 |  1139
          D:11 |       0 |    4273 |   0.0 |       0 |      42 |   0.0 |  1808
          D:12 |       0 |    2417 |   0.0 |       0 |      33 |   0.0 |  1058
          D:13 |       0 |    5938 |   0.0 |       0 |      46 |   0.0 |  2356
          D:14 |       0 |    1559 |   0.0 |       0 |      14 |   0.0 |  1124
          D:15 |       0 |    5271 |   0.0 |       0 |      25 |   0.0 |  1267
        Lair:1 |       0 |    1300 |   0.0 |       0 |       7 |   0.0 |   859
        Lair:2 |       0 |    5295 |   0.0 |       0 |      42 |   0.0 |  3957
        Lair:3 |       0 |    3095 |   0.0 |       0 |      21 |   0.0 |  1333
        Lair:4 |       0 |    2435 |   0.0 |       0 |      11 |   0.0 |   494
        Lair:5 |       0 |    4094 |   0.0 |       0 |      16 |   0.0 |  1798
        Lair:6 |       0 |   13168 |   0.0 |       0 |      85 |   0.0 |  2853
      Spider:1 |       0 |    7518 |   0.0 |       0 |      42 |   0.0 |   194
         Orc:1 |       0 |    1617 |   0.0 |       0 |      33 |   0.0 |  3008
         Orc:2 |       0 |    8999 |   0.0 |       0 |      81 |   0.0 |  3030
               +---------+---------+-------+---------+---------+-------+---------
